 Dungeon Crawl Stone Soup version 0.25.1-2-g60ff931df9 (webtiles) character file.

Game seed: 4933482884804174960

157845 gruber the Gelid (level 17, -2/149 HPs)
             Began as a White Draconian Transmuter on Oct 4, 2020.
             Was a High Priest of Sif Muna.
             Killed from afar by Ilsuiw (30 damage)
             ... with a shard of ice
             ... on level 4 of the Shoals.
             The game lasted 00:55:50 (44767 turns).

gruber the Gelid (White Draconian Transmuter)      Turns: 44767, Time: 00:55:51

Health: -2/149     AC: 14    Str: 14    XL:     17   Next: 13%
Magic:  11/34      EV: 18    Int: 28    God:    Sif Muna [*****.]
Gold:   2290       SH:  0    Dex: 12    Spells: 16/42 levels left

rFire    . . .     SeeInvis .     - Unarmed
rCold    + + +     Gourm    .   (no shield)
rNeg     . . .     Faith    .   (armour unavailable)
rPois    .         Spirit   .   (helmet restricted)
rElec    .         Reflect  .   F - scarf {rC+ rF+}
rCorr    .         Harm     .   y - +1 pair of gloves
MR       +....                  U - +2 pair of boots
Stlth    +.........             E - amulet of regeneration
HPRegen  0.74/turn              v - +6 ring of intelligence
MPRegen  0.24/turn              Z - ring of Wodelec {Ice Int+3}

@: barbed spikes, no potions, very slow
A: breathe frost, unfitting armour, cold resistance 1, cold-blooded, AC +9
a: Breathe Frost, Channel Magic, Forget Spell, Divine Exegesis, Renounce
Religion


You were on level 4 of the Shoals.
You worshipped Sif Muna.
Sif Muna was extremely pleased with you.
You were not hungry.

You visited 5 branches of the dungeon, and saw 28 of its levels.
You also visited: Ice Cave and Volcano.

You collected 2920 gold pieces.
You spent 630 gold pieces at shops.

Inventory:

Missiles
 a - 609 arrows
Armour
 y - a +1 pair of gloves (worn)
 F - a scarf of resistance (worn)
 U - a +2 pair of boots (worn)
Jewellery
 b - an uncursed ring of fire
 q - an uncursed ring of resist corrosion
 v - a +6 ring of intelligence (left hand)
 E - an amulet of regeneration (around neck)
 X - an uncursed ring of protection from magic
 Z - the ring of Wodelec (right hand) {Ice Int+3}
   (You found it in an ice cave)

   [ring of ice]

   It enhances your ice magic.
   It affects your intelligence (+3).
   It makes you vulnerable to fire.
   It protects you from cold.
Wands
 n - a wand of enslavement (21)
 o - a wand of polymorph (19)
 t - a wand of disintegration (41)
 A - a wand of iceblast (8)
 I - a wand of paralysis (4)
 J - a wand of digging (10)
 Q - a wand of clouds (11)
 R - a wand of acid (9)
Scrolls
 i - 6 scrolls of teleportation
 k - 5 scrolls of fog {unknown}
 l - 5 scrolls of noise {unknown}
 m - 5 scrolls of enchant armour {unknown}
 r - 4 scrolls of immolation {unknown}
 w - 16 scrolls of remove curse
 C - 2 scrolls of enchant weapon {unknown}
 G - a scroll of random uselessness {unknown}
 K - 3 scrolls of fear {unknown}
 L - 3 scrolls of magic mapping {unknown}
 M - 2 scrolls of brand weapon {unknown}
 N - 4 scrolls of blinking
 O - 2 scrolls of holy word {unknown}
 P - 5 scrolls of amnesia {unknown}
Potions
 d - 3 potions of magic
 e - a potion of cancellation {unknown}
 f - a potion of resistance
 g - 7 potions of berserk rage
 h - a potion of experience {unknown}
 j - 5 potions of invisibility
 p - 8 potions of curing
 s - 7 potions of stabbing
 u - 2 potions of heal wounds
 x - 2 potions of might
 z - 4 potions of lignification
 B - a potion of flight
 H - 4 potions of brilliance
 S - 3 potions of ambrosia
 T - 2 potions of mutation
 W - 4 potions of haste
Comestibles
 c - 34 rations


   Skills:
 - Level 13.0 Fighting
 * Level 11.4 Dodging
 - Level 15.0 Unarmed Combat
 - Level 13.2 Spellcasting
 - Level 4.1 Translocations
 - Level 9.5 Transmutations
 - Level 15.1 Ice Magic
 - Level 3.0 Poison Magic


You had 16 spell levels left.
You knew the following spells:

 Your Spells              Type           Power        Failure   Level  Hunger
a - Beastly Appendage     Tmut           ######       1%          1    None
b - Sticks to Snakes      Tmut           ######..     1%          2    None
c - Spider Form           Tmut/Pois      ######....   1%          3    None
d - Ice Form              Ice/Tmut       #######.     1%          4    None
e - Blade Hands           Tmut           ######....   1%          5    ##.....
f - Frozen Ramparts       Ice            ######       1%          3    None
g - Blink                 Tloc           N/A          1%          2    None
h - Ozocubu's Refrigerat  Ice            ########..   1%          6    ####...

Your spell library contained the following spells:

 Spells                   Type           Power        Failure   Level  Hunger
 Freeze                   Ice            ####         0%          1    None
 Apportation              Tloc           #####.       1%          1    None
 Ensorcelled Hibernation  Hex/Ice        ######       1%          2    None
 Ignite Poison            Fire/Tmut/Pois #####...     1%          3    None
 Ozocubu's Armour         Chrm/Ice       ######..     1%          3    None
 Hailstorm                Conj/Ice       ######..     1%          4    None
 Summon Ice Beast         Ice/Summ       ######..     1%          4    None
 Poisonous Vapours        Pois/Air       ####..       2%          2    None
 Animate Skeleton         Necr           N/A          3%          1    None
 Corona                   Hex            ###....      3%          1    None
 Foxfire                  Conj/Fire      ###.         3%          1    None
 Magic Dart               Conj           ###.         3%          1    None
 Shock                    Conj/Air       ###.         3%          1    None
 Summon Small Mammal      Summ           ###.         3%          1    None
 Portal Projectile        Hex/Tloc       ####..       3%          3    None
 Recall                   Summ/Tloc      N/A          3%          3    None
 Metabolic Englaciation   Hex/Ice        ######....   3%          5    ##.....
 Call Imp                 Summ           ###.....     4%          2    None
 Slow                     Hex            ###.....     4%          2    None
 Swiftness                Chrm/Air       ###.....     4%          2    None
 Petrify                  Tmut/Erth      #####...     4%          4    None
 Mephitic Cloud           Conj/Pois/Air  ###.....     6%          3    None
 Alistair's Intoxication  Tmut/Pois      ######..     6%          5    ##.....
 Conjure Flame            Conj/Fire      ###.....     9%          3    None
 Dazzling Flash           Conj/Hex       ###...       9%          3    None
 Static Discharge         Conj/Air       ###.....     9%          3    None
 Summon Guardian Golem    Hex/Summ       ###.....     9%          3    None
 Tukima's Dance           Hex            ###.....     9%          3    None
 Hydra Form               Tmut           ######....   9%          6    ####...
 Iskenderun's Mystic Bla  Conj/Tloc      ####....     12%         4    None
 Simulacrum               Ice/Necr       ######....   21%         6    ####...
 Airstrike                Air            ###.......   28%         4    None
 Leda's Liquefaction      Hex/Erth       ###.......   28%         4    None
 Sticky Flame             Conj/Fire      ###.....     28%         4    None
 Eringya's Noxious Bog    Tmut/Pois      ######....   32%         6    ####...
 Freezing Cloud           Conj/Ice/Air   ######....   50%         6    ####...
 Statue Form              Tmut/Erth      #####....    54%         6    ####...
 Agony                    Necr           ###.....     63%         5    ##.....
 Bolt of Magma            Conj/Fire/Erth ###.......   63%         5    ##.....
 Excruciating Wounds      Chrm/Necr      ###.......   63%         5    ##.....
 Fireball                 Conj/Fire      ###.......   63%         5    ##.....
 Iskenderun's Battlesphe  Conj/Chrm      ###.....     63%         5    ##.....
 Lightning Bolt           Conj/Air       ###.......   63%         5    ##.....
 Silence                  Hex/Air        ###.......   63%         5    ##.....
 Darkness                 Hex            ###.......   99%         6    ####...
 Iron Shot                Conj/Erth      ###.......   99%         6    ####...
 Starburst                Conj/Fire      ###.......   99%         6    ####...
 Ring of Flames           Chrm/Fire      ###.......   100%        7    ######.
 Spellforged Servitor     Conj/Summ      ###.......   100%        7    ######.
 Ignition                 Fire           ###.......   100%        8    #######
 Fire Storm               Conj/Fire      ###.......   100%        9    #######
 Tornado                  Air            ###.......   100%        9    #######


Dungeon Overview and Level Annotations

Branches:
Dungeon (15/15)            Temple (0/1) D:6            Lair (6/6) D:10
 Shoals (4/4) Lair:2        Snake (1/4) Lair:4        Slime (0/5) Lair:5
    Orc (2/2) D:10            Elf (0/3) Orc:2        Vaults (0/5) D:14
 Depths (0/5) D:15          IceCv (visited)         Volcano (visited)

Altars:
Dithmenos
Gozag
Hepliaklqana
Makhleb
Ru
Sif Muna
Xom
Zin
Jiyva

Shops:
D:5 *   D:10 [   D:15 *   Orc:1 !   Orc:2 [=(*   Snake:1 *[

Annotations:
D:12 exclusion: obsidian statue
Shoals:3 2 transporters, Woutahasch's ghost, journeyman HOFi
Shoals:4 Ilsuiw


Innate Abilities, Weirdness & Mutations

You can breathe waves of freezing cold.
You can buffet flying creatures when you breathe cold.
Your icy white scales are hard. (AC +9)
You cannot fit into any form of body armour.
Your flesh is cold resistant. (rC+)
You are cold-blooded and may be slowed by cold attacks.


Message History

Sif Muna accepts your kill.
The merfolk is severely wounded.
Ilsuiw hits you but does no damage.
Unknown command.
Unknown command.
Unknown command.
Unknown command.
Unknown command.
Unknown command.
Casting: Ozocubu's Refrigeration (mildly dangerous; 1% risk of failure)
Confirm with . or Enter, or press ? or * to list all spells.
You feel a surge of power!
The heat is drained from your surroundings.
You resist.
You feel very cold.
Ilsuiw and the merfolk are frozen.
Ilsuiw is almost dead.
You kill the merfolk!
Sif Muna accepts your kill. Ilsuiw casts a spell at you.
The shard of ice hits you!! You partially resist.
You die...

≈..........≈≈≈≈≈≈≈≈
≈...)......)≈≈≈≈≈≈≈≈
≈≈≈..)(..)≈≈≈≈≈≈≈≈≈≈
≈≈≈≈..))...))≈≈≈≈≈≈≈
≈≈≈≈≈≈$.....≈≈≈≈≈≈≈≈
≈≈≈≈≈≈......≈[≈≈≈≈≈≈
≈≈≈≈≈.......m(≈≈≈≈≈≈
≈≈≈≈≈.....≈<)≈≈≈≈≈≈≈
≈≈≈≈≈≈[..÷.≈@≈≈≈≈≈≈≈
≈≈≈≈≈≈....[≈.(≈≈≈≈≈≈
≈.#.≈(≈....(≈≈≈≈≈≈≈≈
≈ #.≈≈≈≈≈≈≈≈≈≈≈≈≈≈≈≈
...≈≈≈≈≈≈≈≈≈≈≈≈≈≈≈≈
≈≈#######≈)≈≈(≈≈≈.≈≈
≈# ##≈≈≈≈(((...
##≈≈≈....##


You could see Ilsuiw.

Vanquished Creatures
  A kraken (Shoals:2)
  Polyphemus (Shoals:2)
  Donald (Orc:2)
  An orc warlord (Orc:1)
  A frost giant (IceCv)
  Aizul (Snake:1)
  Louise (D:15)
  5 merfolk impalers
  4 merfolk javelineers
  A naga warrior (Lair:4)
  4 hydras
  A rakshasa (D:13)
  3 merfolk avatars
  An alligator snapping turtle (Shoals:2)
  3 anacondas (Snake:1)
  2 merfolk aquamancers
  2 catoblepae
  3 centaur warriors
  5 two-headed ogres
  A satyr (Shoals:4)
  2 tengu warriors (D:14)
  2 naga sharpshooters (Snake:1)
  8 death yaks
  3 orc high priests (Orc:2)
  3 shock serpents (Snake:1)
  2 skeletal warriors (D:15)
  An iron troll (D:14)
  15 sea snakes
  An unseen horror (D:9)
  A spark wasp zombie (D:15)
  A flayed ghost (D:15)
  10 harpies
  A necromancer (D:15)
  Pikel (D:8)
  2 lindwurms (Volcano)
  A deep elf mage (D:14)
  6 orc knights
  6 ugly things
  A wolf spider zombie (D:14)
  An iron dragon zombie (D:15)
  5 cyclopes
  10 fauns
  A shining eye (shapeshifter) (D:14)
  14 manticores
  Maurice (D:8)
  6 elephants (Lair:4)
  2 salamanders (Snake:1)
  17 merfolk sirens
  3 black mambas
  2 naga magi (Snake:1)
  A guardian serpent (Snake:1)
  Joseph (D:8)
  A spriggan zombie (D:15)
  A molten gargoyle (Volcano)
  8 water nymphs
  An ice statue (IceCv)
  3 centaur skeletons
  23 spiny frogs
  A rime drake (Lair:5)
  3 efreet
  12 komodo dragons
  A freezing wraith (D:14)
  A queen bee (shapeshifter) (D:14)
  22 merfolk
  9 trolls
  17 polar bears
  Prince Ribbit (D:9)
  2 tyrant leeches (Lair:6)
  4 wind drakes
  5 slime creatures (D:12)
  4 dream sheep (Shoals:4)
  20 blink frogs
  12 hippogriffs
  9 snapping turtles
  A shadow (D:15)
  A centaur simulacrum (D:14)
  6 fire elementals (Volcano)
  2 wyverns
  A vampire (D:12)
  5 water elementals
  A wraith (D:11)
  50 yaks
  2 hungry ghosts
  3 basilisks
  8 vampire mosquitoes
  A warg (Orc:2)
  11 nagas
  A human skeleton (D:15)
  6 porcupines
  12 water moccasins
  25 orc warriors
  4 sky beasts
  9 ice beasts
  3 eyes of draining
  2 black bears (D:10)
  A hornet zombie (D:15)
  A necrophage (D:15)
  8 ogres
  2 phantoms
  15 centaurs
  19 wolves
  10 crocodiles
  2 big kobolds
  26 bullfrogs
  5 earth elementals (Volcano)
  4 scorpions
  12 killer bees
  A wyvern skeleton (D:12)
  16 wights
  5 electric eels
  5 howler monkeys
  9 crimson imps
  3 bullfrog zombies
  2 quasits
  11 orc priests
  4 hounds
  6 jellies
  4 bullfrog skeletons
  4 centaur zombies
  21 orc wizards
  5 iguanas
  11 worker ants
  2 hound skeletons
  A worker ant zombie (D:7)
  9 gnolls
  26 adders
  7 shadow imps
  A white imp (D:14)
  4 ufetubi (D:14)
  An ooze (D:7)
  2 adder skeletons
  An adder zombie (D:9)
  3 worms
  4 dart slugs (D:1)
  5 leopard geckos
  47 orcs
  8 giant cockroaches
  5 goblins
  8 hobgoblins
  19 jackals
  12 kobolds
  6 quokkas
  A ball python (D:2)
  9 bats
  10 frilled lizards
  2 jackal zombies
  6 rats
  2 fungi (Orc:2)
  39 plants
  4 tentacles (Shoals:2)
943 creatures vanquished.

Vanquished Creatures (collateral kills)
  A centaur warrior (D:14)
  2 two-headed ogres
  An orc high priest (Orc:2)
  A harpy (Shoals:1)
  A merfolk siren (Shoals:1)
  A snapping turtle (Shoals:1)
  A wyvern (D:14)
  An ogre (D:14)
  A gnoll sergeant (D:10)
  A hound skeleton (D:4)
  An adder (D:2)
  An adder zombie (D:9)
  An orc (D:10)
14 creatures vanquished.

Vanquished Creatures (others)
  A rime drake (IceCv)
  2 polar bears (IceCv)
  A yak (IceCv)
  2 slaves (D:8)
  An orc priest (D:8)
  A hound (D:8)
  An orc wizard (D:8)
  A quokka (D:8)
  A leopard gecko zombie (D:8)
  A fire vortex (Volcano)
  14 fungi
  48 plants
  A withered plant (D:15)
75 creatures vanquished.

Grand Total: 1032 creatures vanquished

Notes
Turn   | Place    | Note
-------+----------+-------------------------------------------
     0 | D:1      | gruber the Draconian Transmuter began the quest for the
                  | Orb.
     0 | D:1      | Reached XP level 1. HP: 16/16 MP: 3/3
   440 | D:1      | Reached XP level 2. HP: 17/23 MP: 5/5
   467 | D:1      | Learned a level 2 spell: Sticks to Snakes
   975 | D:1      | Reached XP level 3. HP: 23/28 MP: 4/6
  1424 | D:2      | Learned a level 3 spell: Spider Form
  1601 | D:2      | Reached skill level 5 in Unarmed Combat
  1601 | D:2      | Reached XP level 4. HP: 32/35 MP: 7/7
  1873 | D:2      | You fall into a shaft and drop 1 floor!
  1873 | D:3      | Found a burning altar of Makhleb.
  1873 | D:3      | Found a shimmering blue altar of Sif Muna.
  1886 | D:3      | Reached skill level 1 in Poison Magic
  2013 | D:3      | Became a worshipper of Sif Muna the Loreminder
  2320 | D:3      | Reached XP level 5. HP: 35/40 MP: 4/8
  3523 | D:3      | Reached XP level 6. HP: 19/47 MP: 3/9
  4265 | D:4      | Found an opulent altar of Gozag.
  5208 | D:5      | Entered Level 5 of the Dungeon
  5231 | D:5      | Reached skill level 5 in Transmutations
  5378 | D:5      | Your scales start taking on an icy white colour.
  5378 | D:5      | Reached XP level 7. HP: 52/52 MP: 6/11
  5378 | D:5      | Gained mutation: Your flesh is cold resistant. (rC+) [White
                  | Draconian growth]
  5435 | D:4      | Learned a level 4 spell: Ice Form
  5582 | D:5      | Reached * piety under Sif Muna
  5686 | D:5      | Reached skill level 1 in Ice Magic
  5852 | D:5      | Found Diseogen's Assorted Antiques.
  6378 | D:6      | Found a shadowy altar of Dithmenos.
  6406 | D:6      | Reached XP level 8. HP: 58/59 MP: 10/14
  6416 | D:6      | Reached skill level 5 in Ice Magic
  6418 | D:6      | Reached ** piety under Sif Muna
  6504 | D:6      | Found a shimmering altar of Xom.
  6928 | D:6      | Found a staircase to the Ecumenical Temple.
  7142 | D:6      | Found a shimmering altar of Xom.
  7144 | D:6      | Found a shimmering altar of Xom.
  7144 | D:6      | Found a shimmering altar of Xom.
  7146 | D:6      | Found a shimmering altar of Xom.
  7152 | D:6      | Found a shimmering altar of Xom.
  7152 | D:6      | Found a shimmering altar of Xom.
  7502 | D:7      | Noticed a hippogriff
  7515 | D:7      | Killed a hippogriff
  7806 | D:7      | Found Zin's Purification Station.
  7809 | D:7      | Found a glowing silver altar of Zin.
  7812 | D:7      | Bought a potion of curing for 90 gold pieces
  7923 | D:7      | Reached *** piety under Sif Muna
  7928 | D:7      | Noticed a hippogriff
  7955 | D:8      | Killed a hippogriff
  7955 | D:8      | Reached XP level 9. HP: 70/70 MP: 15/15
  7994 | D:8      | Found a hazy altar of Hepliaklqana.
  8038 | D:8      | Noticed Pikel
  8055 | D:8      | Killed Pikel
  8852 | D:8      | Noticed Maurice
  8867 | D:8      | Killed Maurice
  9056 | D:8      | Learned a level 5 spell: Blade Hands
  9163 | D:8      | Noticed Joseph
  9179 | D:8      | Killed Joseph
  9179 | D:8      | Reached skill level 10 in Unarmed Combat
  9502 | D:9      | Reached XP level 10. HP: 77/77 MP: 12/16
  9889 | D:9      | Noticed a two-headed ogre
  9904 | D:9      | Killed a two-headed ogre
 10192 | D:9      | HP: 1/77 [something (5)]
 10195 | D:9      | Killed an unseen horror
 11145 | D:9      | Noticed Prince Ribbit
 11151 | D:9      | Killed Prince Ribbit
 11225 | D:9      | Reached **** piety under Sif Muna
 11319 | D:9      | Found a hazy altar of Hepliaklqana.
 11453 | D:10     | Entered Level 10 of the Dungeon
 11467 | D:10     | Reached skill level 5 in Fighting
 11647 | D:10     | Found a staircase to the Orcish Mines.
 11720 | D:10     | Found Dioneuti's Armour Boutique.
 11744 | D:10     | Reached XP level 11. HP: 90/91 MP: 12/17
 12043 | D:10     | Found a staircase to the Lair.
 12628 | D:10     | You fall into a shaft and drop 1 floor!
 13703 | D:11     | Noticed a brown ugly thing
 13712 | D:11     | Killed a brown ugly thing
 13712 | D:11     | Reached skill level 10 in Fighting
 13715 | D:11     | Reached ***** piety under Sif Muna
 14289 | D:11     | Received a gift from Sif Muna
 14297 | D:11     | Learned a level 3 spell: Frozen Ramparts
 15162 | Lair:1   | Entered Level 1 of the Lair of Beasts
 16046 | Lair:1   | Reached skill level 10 in Ice Magic
 16046 | Lair:1   | Reached XP level 12. HP: 79/110 MP: 10/18
 16678 | Lair:1   | Learned a level 2 spell: Blink
 16896 | Lair:2   | Reached skill level 5 in Spellcasting
 17000 | Lair:2   | Noticed a five-headed hydra
 17009 | Lair:2   | Killed a five-headed hydra
 17296 | Lair:2   | Found a staircase to the Shoals.
 17326 | Lair:2   | Identified the Incunabulum of Dusty Poisoning
 17860 | Lair:3   | Noticed a five-headed hydra
 17867 | Lair:3   | Killed a five-headed hydra
 19141 | Lair:4   | Reached skill level 1 in Translocations
 19189 | Lair:4   | Found a staircase to the Snake Pit.
 20261 | Lair:4   | You fall into a shaft and drop 2 floors!
 20261 | Lair:6   | Entered Level 6 of the Lair of Beasts
 20439 | Lair:6   | Reached XP level 13. HP: 73/116 MP: 20/25
 20650 | Lair:6   | Identified Sif Muna's Volume of the Frostbite and Dark
                  | Magic (Sif Muna gifted it to you on level 6 of the Lair of
                  | Beasts)
 20650 | Lair:6   | Received a gift from Sif Muna
 20903 | Lair:6   | Learned a level 6 spell: Ozocubu's Refrigeration
 21551 | Lair:5   | Found a sacrificial altar of Ru.
 23309 | Lair:5   | Found a viscous altar of Jiyva.
 23310 | Lair:5   | Found a staircase to the Slime Pits.
 25404 | Lair:6   | Received a gift from Sif Muna
 26517 | D:12     | Reached XP level 14. HP: 69/124 MP: 2/26
 27006 | D:12     | Reached skill level 15 in Ice Magic
 28018 | D:13     | Got a twisted lajatang
 28019 | D:13     | Identified the +6 lajatang "Xeckal" {holy, rF++ rC+} (You
                  | found it on level 13 of the Dungeon)
 29795 | D:14     | Found a frozen archway.
 29804 | IceCv    | Entered an ice cave
 30213 | IceCv    | Identified Sif Muna's Disquisition on Lethal Earth
 30578 | IceCv    | Identified Sif Muna's Reference Book on Dislocated Toxins
                  | (Sif Muna gifted it to you in an ice cave)
 30578 | IceCv    | Received a gift from Sif Muna
 31140 | IceCv    | Noticed a frost giant
 31168 | IceCv    | Killed a frost giant
 31652 | IceCv    | Got a slimy platinum ring
 31656 | IceCv    | Identified the ring of Wodelec {Ice Int+3} (You found it in
                  | an ice cave)
 31662 | IceCv    | Identified a scroll of acquirement
 31663 | IceCv    | Acquired the +0 cloak of Elitism {*Contam +Blink Str+3
                  | Dex+4}
 32481 | D:14     | Found a gate to the Vaults.
 33143 | D:15     | Entered Level 15 of the Dungeon
 33320 | D:15     | Reached XP level 15. HP: 25/134 MP: 9/27
 33874 | D:15     | Reached skill level 15 in Unarmed Combat
 33953 | D:15     | Identified Wilai's Collected Works on Beguiling (Sif Muna
                  | gifted it to you on level 15 of the Dungeon)
 33953 | D:15     | Received a gift from Sif Muna
 34298 | D:15     | Found a staircase to the Depths.
 34329 | D:15     | Noticed Louise
 34362 | D:15     | Killed Louise
 34491 | D:15     | Found Manwoiba's General Store.
 35056 | Orc:1    | Entered Level 1 of the Orcish Mines
 35088 | Orc:1    | Found a dark tunnel.
 35099 | Volcano  | Entered a volcano
 35674 | Orc:1    | Found Woceuler's Distillery.
 35793 | Orc:2    | Entered Level 2 of the Orcish Mines
 36077 | Orc:2    | Found Fitie's Jewellery Shop.
 36299 | Orc:2    | Noticed an orc warlord
 36316 | Orc:2    | Reached skill level 10 in Spellcasting
 36475 | Orc:1    | HP: 2/134 [orc warlord/+0 long sword (17)]
 36482 | Orc:1    | Killed an orc warlord
 36760 | Orc:2    | Found Zidghoaq's Antique Armour Emporium.
 36792 | Orc:2    | Found a staircase to the Elven Halls.
 36921 | Orc:2    | Found Gickiv's Antique Weapon Boutique.
 37305 | Orc:2    | Noticed Donald
 37326 | Orc:2    | Killed Donald
 37442 | Orc:2    | Found Toskygg's General Store.
 37456 | Orc:2    | Identified Sif Muna's Volume of Air and Confrontation (Sif
                  | Muna gifted it to you on level 2 of the Orcish Mines)
 37456 | Orc:2    | Received a gift from Sif Muna
 37806 | Snake:1  | Entered Level 1 of the Snake Pit
 38181 | Snake:1  | Found Ipsibb's General Store.
 38316 | Snake:1  | Bought a ration for 90 gold pieces
 38316 | Snake:1  | Bought a ration for 90 gold pieces
 38316 | Snake:1  | Bought a ration for 90 gold pieces
 38316 | Snake:1  | Bought a scroll of blinking for 135 gold pieces
 38316 | Snake:1  | Bought a scroll of blinking for 135 gold pieces
 38319 | Snake:1  | Found Ima Lalo's Antique Armour Emporium.
 38557 | Snake:1  | Noticed Aizul
 38577 | Snake:1  | Killed Aizul
 40194 | Shoals:1 | Entered Level 1 of the Shoals
 40521 | Shoals:1 | Reached XP level 16. HP: 94/143 MP: 13/32
 41731 | Shoals:2 | Identified Sif Muna's Handbook of Twisted Combat Magic (Sif
                  | Muna gifted it to you on level 2 of the Shoals)
 41731 | Shoals:2 | Received a gift from Sif Muna
 41938 | Shoals:2 | Reached skill level 5 in Dodging
 42437 | Shoals:2 | Noticed Polyphemus
 42443 | Shoals:2 | Killed Polyphemus
 42865 | Shoals:2 | Noticed a kraken
 42871 | Shoals:2 | Killed a kraken
 43553 | Shoals:3 | Noticed Woutahasch's ghost (journeyman HOFi)
 43555 | Shoals:3 | Found a transporter.
 43561 | Shoals:3 | Found a transporter.
 44255 | Shoals:4 | Entered Level 4 of the Shoals
 44278 | Shoals:3 | Reached skill level 10 in Dodging
 44278 | Shoals:3 | Identified Sif Muna's Handbook of Fetching Transmutation
                  | (Sif Muna gifted it to you on level 3 of the Shoals)
 44278 | Shoals:3 | Received a gift from Sif Muna
 44490 | Shoals:4 | Reached XP level 17. HP: 129/149 MP: 21/34
 44762 | Shoals:4 | Noticed Ilsuiw
 44767 | Shoals:4 | Killed from afar by Ilsuiw

Illustrated notes

Levels and vault maps discovered:
D:1:      shiori_arrival_maze, layout_basic, minmay_box_of_dots
D:2:      minmay_thinvault, layout_basic, first_ration
D:3:      layout_rooms, grunt_temple_overflow_open
D:4:      layout_cave_pools, grunt_gozag_statues, serial_co_window_serial,
          co_window_paths_a, co_window_paths_b, co_window_paths_b,
          co_window_paths_b, co_window_corner_a, co_window_paths_a,
          co_window_paths_b, co_window_paths_a, co_window_corner_a,
          co_window_broadway_b, co_window_2corner, co_window_broadway_c,
          co_window_cross_2, co_window_of_opportunity_b, glass_columns_a,
          glass_columns_a, glass_columns_b, glass_columns_c, glass_columns_a
D:5:      layout_rooms, serial_shops, nicolae_shop_overgrown_old_shop
D:6:      layout_gridville, nicolae_xom_altar_mimics,
          nicolae_dithmenos_shadow_blocks, minmay_temple_entry_overgrown
D:7:      layout_basic, zin_purify
D:8:      layout_basic, kennysheep_little_box, uniq_pikel, uniq_maurice,
          uniq_joseph
D:9:      layout_long_grid, blue_anna_alchemist [blue_anna_fruit_fields,
          blue_anna_fruit_fields], lemuel_tele_altar, uniq_prince_ribbit1
D:10:     layout_basic, minmay_lair_entry_grove, orc_0_dummy, serial_shops,
          shop_fountains
D:11:     layout_roguey, chequers_serial_rivers_small_b
D:12:     layout_loops_ring, minivault_16
D:13:     layout_long_grid, corexii_hall_statues_i
D:14:     layout_cave_pods, david_vaults_4, serial_ice, serial_ice_k,
          serial_ice_h, serial_ice_m, serial_ice_d,
          portal_ice_cave_entry_pillars_1
D:15:     gammafunk_depths_entry_grave, layout_long_grid, serial_shops,
          nicolae_shop_behind_doors, hangedman_decor_riveting,
          serial_co_window_serial, co_window_paths_a, co_window_corner_a,
          co_window_cross_1, co_window_paths_a, co_window_paths_b,
          co_window_paths_b, co_window_paths_b, co_window_corner_a,
          co_window_paths_a, co_window_broadway_b, co_window_corner_b,
          co_window_corner_b, co_window_sun, glass_columns_a, glass_columns_b,
          glass_columns_a, glass_columns_b, uniq_louise
Lair:1:   layout_regular_city, st_stairs_10, minivault_25, grunt_megastairs_4
Lair:2:   layout_cave_pods, shoals_dummy_entry, lemuel_fruit_fields,
          lemuel_fruit_fields, infiniplex_staircase_pool_2
Lair:3:   layout_layer_cave
Lair:4:   beast_lair_carwin_large_1, layout_hall_layers,
          guppyfry_snake_entry_island
Lair:5:   layout_layer_cave, dpeg_slime_entry_enclosed_altar, basic_altar
Lair:6:   minmay_lair_end_frog_pond, layout_regular_city
Shoals:1: layout_shoals
Shoals:2: layout_shoals, uniq_polyphemus
Shoals:3: layout_shoals, gammafunk_ghost_berserking_beasts
Shoals:4: shoals_end_hangedman, layout_shoals, shoal_ilsuiw, abandoned_shop
Snake:1:  layout_onion, minmay_shoptagon, uniq_aizul
Orc:1:    layout_caves, serial_shops, nicolae_shop_behind_doors, enter_volcano_1
Orc:2:    grunt_orc_gardens, layout_caves, grunt_orc_garden, grunt_orc_garden,
          grunt_orc_garden, grunt_orc_garden, uniq_donald

Skill      XL: |  1  2  3  4  5  6  7  8  9 10 11 12 13 14 15 16 17 |
---------------+----------------------------------------------------+-----
Unarmed Combat | 4 5 6 10 11 12 14 15 | 15.0
Poison Magic   | 2 3 |  3.0
Transmutations | 3 5 9 |  9.5
Spellcasting   | 4 8 12 13 | 13.2
Ice Magic      | 4 7 10 14 15 | 15.1
Fighting       | 3 6 11 13 | 13.0
Dodging        | 3 10 11 | 11.4
Translocations | 4 |  4.1

Action                   |  1- 3 |  4- 6 |  7- 9 | 10-12 | 13-15 | 16-18 || total
-------------------------+-------+-------+-------+-------+-------+-------++-------
Melee: Unarmed           |   160 |   171 |   278 |   570 |  1087 |   193 ||  2459
       Tailslap          |    13 |    10 |     5 |    25 |    93 |     7 ||   153
       Kick              |     3 |       |       |       |       |       ||     3
       Headbutt          |     3 |       |       |       |       |       ||     3
       Staff             |       |    52 |    19 |       |       |       ||    71
       Punch             |       |       |       |     4 |    45 |       ||    49
 Cast: Beastly Appendage |     7 |     2 |       |       |     1 |       ||    10
       Sticks to Snakes  |     1 |     6 |     3 |     9 |    33 |     2 ||    54
       Spider Form       |       |    23 |    28 |    14 |    21 |     2 ||    88
       Ice Form          |       |       |    12 |    20 |    24 |    20 ||    76
       Blade Hands       |       |       |       |    35 |    56 |     3 ||    94
       Frozen Ramparts   |       |       |       |    20 |    67 |     9 ||    96
       Ozocubu's Refrige |       |       |       |       |    41 |    47 ||    88
       Blink             |       |       |       |       |     1 |       ||     1
Invok: Channel Magic     |       |       |       |       |       |     1 ||     1
 Abil: Breathe Frost     |       |       |     1 |     4 |    11 |       ||    16
       End Transformatio |       |       |     1 |       |     1 |     4 ||     6
Evoke: Wand              |       |       |       |     1 |     4 |       ||     5
  Use: Potion            |       |       |       |     1 |     4 |       ||     5
       Scroll            |       |       |       |     2 |    21 |     1 ||    24
 Stab: Sleeping          |       |     3 |     2 |       |       |       ||     5
       Distracted        |       |       |       |     2 |     5 |     2 ||     9
       Confused          |       |       |       |       |     2 |       ||     2
  Eat: Chunk             |     3 |    15 |    17 |    33 |    58 |    20 ||   146
       Ration            |       |       |       |     5 |    10 |     1 ||    16
Armor: Skin              |    64 |    34 |    64 |   213 |   349 |    45 ||   769
Dodge: Dodged            |   127 |   178 |   220 |   377 |   634 |   108 ||  1644
